 Dungeon Crawl Stone Soup version 0.22.1-2-g9c5b331 (webtiles) character file.

49 MalarOregon the Ducker (level 3, -2/26 HPs)
             Began as a Merfolk Wizard on Nov 13, 2018.
             Slain by a quokka (4 damage)
             ... on level 2 of the Dungeon.
             The game lasted 00:03:49 (1724 turns).

MalarOregon the Ducker (Merfolk Wizard)             Turns: 1724, Time: 00:03:50

Health: -2/26      AC:  3    Str:  7    XL:     3   Next: 75%
Magic:  2/7        EV: 13    Int: 18    God:
Gold:   64         SH:  0    Dex: 12    Spells: 5/8 levels left

rFire    . . .     SeeInvis .   c - +0 club
rCold    . . .     Gourm    .   (no shield)
rNeg     . . .     Faith    .   a - +0 robe
rPois    .         Spirit   .   b - +0 hat
rElec    .         Reflect  .   l - +0 cloak
rCorr    .         Harm     .   (no gloves)
MR       .....                  (no boots)
Stlth    ++........             (no amulet)
HPRegen  0.08/turn              (no ring)
MPRegen  0.10/turn              (no ring)

@: no status effects
A: change form in water, swift swim, stealthy swim
a: no special abilities


You were on level 2 of the Dungeon.
You were hungry.

You visited 1 branch of the dungeon, and saw 2 of its levels.

You collected 64 gold pieces.

Inventory:

Hand Weapons
 c - a +0 club (weapon)
   (You took it off a hobgoblin on level 1 of the Dungeon)
Missiles
 i - 5 tomahawks (quivered)
Armour
 a - a +0 robe (worn)
 b - a +0 hat (worn)
 l - a +0 cloak (worn)
   (You found it on level 1 of the Dungeon)
Jewellery
 d - an uncursed ring of flight {unknown}
   (You found it on level 1 of the Dungeon)
 m - an uncursed ring of poison resistance {unknown}
   (You found it on level 1 of the Dungeon)
Wands
 o - a wand of polymorph (9)
   (You took it off Terence on level 2 of the Dungeon)
 r - a wand of enslavement (17)
   (You found it on level 2 of the Dungeon)
Scrolls
 h - a scroll of fog {unknown}
 j - a scroll of teleportation {unknown}
 n - a scroll of blinking {unknown}
Potions
 f - a potion of brilliance {unknown}
 g - 3 potions of curing {unknown}
 k - a potion of degeneration {unknown}
Comestibles
 e - 5 rations {!d}
 p - 3 chunks of flesh


   Skills:
 + Level 1.2 Fighting
 + Level 3.3 Dodging
 - Level 2.1 Stealth
 + Level 3.3 Spellcasting
 * Level 1.8 Conjurations
 - Level 1.0 Summonings
   Level 0.7 Translocations


You had 5 spell levels left.
You knew the following spells:

 Your Spells              Type           Power        Failure   Level  Hunger
a - Magic Dart            Conj           #...         8%          1    None
x - Call Imp              Summ           #.......     16%         2    ##.....

Your spell library contained the following spells:

 Spells                   Type           Power        Failure   Level  Hunger
 Blink                    Tloc           N/A          19%         2    ##.....
 Slow                     Hex            #.......     24%         2    ##.....
 Conjure Flame            Conj/Fire      #.......     32%         3    ###....
 Mephitic Cloud           Conj/Pois/Air  #.......     36%         3    ###....


Dungeon Overview and Level Annotations

Branches:
Dungeon (2/15)

Altars:


Message History

The jackal barely misses you.
Your shadow imp hits the jackal.
You closely miss the jackal. The jackal barely misses you.
The jackal misses you.
The jackal bites you but does no damage.
Your shadow imp hits the jackal.
The jackal dies!
The jackal closely misses you.
You hit the jackal. The jackal misses you. x2
Your shadow imp hits the jackal.
You hit the jackal.
You kill the jackal!
A quokka comes into view.
Aim: a hobgoblin, wielding a club The magic dart hits the hobgoblin.
Your shadow imp gestures at the hobgoblin.
The hobgoblin writhes in agony!
The hobgoblin dies!
A quokka is nearby!
Unknown command.
Your shadow imp disappears in a puff of smoke!
You miss the quokka. The quokka bites you.
* * * LOW HITPOINT WARNING * * *
The quokka closely misses you.
You miss the quokka. The quokka barely misses you.
You closely miss the quokka. The quokka closely misses you. x2
You barely miss the quokka. The quokka misses you.
You closely miss the quokka.
The quokka bites you but does no damage.
The quokka bites you.
* * * LOW HITPOINT WARNING * * *
You hit the quokka. The quokka bites you.
* * * LOW HITPOINT WARNING * * *
You closely miss the quokka. The quokka misses you. The quokka bites you.
* * * LOW HITPOINT WARNING * * *
Aim: a quokka (moderately wounded)
The magic dart hits the quokka.
The quokka closely misses you.
Unknown command.
You closely miss the quokka. The quokka bites you.
* * * LOW HITPOINT WARNING * * *
The quokka bites you but does no damage.
You barely miss the quokka. The quokka bites you.
* * * LOW HITPOINT WARNING * * *
You see here a shiny scale mail.
The quokka bites you.
* * * LOW HITPOINT WARNING * * *
There is a stone staircase leading up here.
The quokka twitches its whiskers.
The quokka completely misses you. The quokka bites you.
You die...

### ..# ###########.# #
#.# #...@r......# #. #.#
#.#.###.###(### ###.. #.#
#.#.#..........
......#†###.#.#.#.#####.#
#....)$.[..<...).##
....###########....# #
#.##.# #.# [# #.# .#


You could see a quokka.

Vanquished Creatures
  2 oozes (D:1)
  A giant cockroach (D:1)
  3 hobgoblins (D:1)
  6 jackals
  3 bats (D:1)
  A frilled lizard (D:1)
  A goblin (D:1)
  3 kobolds (D:1)
  2 rats (D:1)
22 creatures vanquished.

Vanquished Creatures (collateral kills)
  Terence (D:2)
  A hobgoblin (D:2)
  2 jackals
  A quokka (D:2)
  A frilled lizard (D:2)
6 creatures vanquished.

Grand Total: 28 creatures vanquished

Notes
Turn   | Place    | Note
-------+----------+-------------------------------------------
     0 | D:1      | MalarOregon the Merfolk Wizard began the quest for the Orb.
     0 | D:1      | Reached XP level 1. HP: 13/13 MP: 4/4
   225 | D:1      | Reached skill level 1 in Conjurations
   445 | D:1      | Reached XP level 2. HP: 12/20 MP: 0/6
   570 | D:1      | Learned a level 2 spell: Call Imp
  1098 | D:1      | Reached skill level 1 in Fighting
  1175 | D:1      | Reached XP level 3. HP: 14/26 MP: 0/7
  1650 | D:2      | Noticed Terence
  1662 | D:2      | Killed Terence
  1714 | D:2      | HP: 1/26 [quokka (3)]
  1724 | D:2      | Slain by a quokka

Skill      XL: |  1  2 |
---------------+-------+-----
Conjurations   | 1 |  1.8
Dodging        | 3 |  3.3
Fighting       | 1 |  1.2
Stealth        | |  2.1
Spellcasting   | |  3.3
Summonings     | |  1.0
Translocations | |  0.7

Action                   || total
-------------------------++-------
Melee: Unarmed           ||     6
       Club              ||    40
 Cast: Magic Dart        ||    62
       Call Imp          ||     6
  Eat: Chunk             ||     2
Armor: Robe              ||    14
Dodge: Dodged            ||    55
